 Dungeon Crawl Stone Soup version 0.23.2-1-ga50397a (webtiles) character file.

Game seed: 5365623286773606410

20487 nyanpiggle the Blocker (level 12, -25/74 HPs)
             Began as a Gargoyle Fighter on May 12, 2019.
             Was a Priest of Makhleb.
             Killed from afar by an ogre mage (40 damage)
             ... with a bolt of fire
             ... on level 2 of the Orcish Mines.
             The game lasted 01:51:39 (17696 turns).

nyanpiggle the Blocker (Gargoyle Fighter)          Turns: 17696, Time: 01:51:39

Health: -25/74     AC: 28    Str: 25    XL:     12   Next: 80%
Magic:  12/12      EV: 23    Int: 14    God:    Makhleb [***...]
Gold:   1343       SH: 13    Dex: 10    Spells: 9/12 levels left

rFire    x . .     SeeInvis +   z - +7 dagger "Isukleo" {freeze, rF- MR+ Int+5}
rCold    . . .     Gourm    .   c - +1 shield
rNeg     + . .     Faith    .   b - +0 plate armour
rPois    ∞         Spirit   .   M - -3 hat of Mytop {rCorr Dex-3 SInv}
rElec    +         Reflect  .   r - +0 cloak
rCorr    +         Harm     .   J - +0 pair of gloves
MR       ++...                  m - +2 pair of boots
Stlth    ..........             p - amulet of the acrobat
HPRegen  0.22/turn              G - +4 ring of dexterity
MPRegen  0.13/turn              q - ring of protection from magic

@: acrobat, flying
A: antennae 1, slimy green scales 1, low mp 1, negative energy resistance 1,
electricity resistance, unbreathing, petrification resistance, rot immunity, AC
+8
a: Minor Destruction, Lesser Servant of Makhleb, Renounce Religion


You were on level 2 of the Orcish Mines.
You worshipped Makhleb.
Makhleb was most pleased with you.
You were not hungry.

You visited 3 branches of the dungeon, and saw 13 of its levels.

You collected 1343 gold pieces.

Inventory:

Hand Weapons
 a - a +3 flail
 h - a +2 mace of draining
 n - a +0 flail
 t - a +1 dagger of venom
 y - a +2 dagger of venom
 z - the +7 dagger "Isukleo" (weapon) {freeze, rF- MR+ Int+5}
   (You found it on level 6 of the Dungeon)

   It has been specially enchanted to freeze those struck by it, causing extra
   injury to most foes and up to half again as much damage against particularly
   susceptible opponents.
   It can also slow down cold-blooded creatures.
   It affects your intelligence (+5).
   It makes you vulnerable to fire.
   It affects your resistance to hostile enchantments.
 A - a +4 dagger
 B - a +0 dire flail
 C - a +3 short sword of flaming
 D - a +4 war axe of freezing
 L - a +1 glaive of flaming
 S - a +2 halberd
Armour
 b - a +0 plate armour (worn)
 c - a +1 shield (worn)
 m - a +2 pair of boots (worn)
 r - a +0 cloak (worn)
 E - a +2 robe of magic resistance
 J - a +0 pair of gloves (worn)
 M - the -3 hat of Mytop (worn) {rCorr Dex-3 SInv}
   (You found it on level 7 of the Dungeon)

   It affects your dexterity (-3).
   It lets you see invisible.
   It provides partial protection from all sources of acid and corrosion.
Magical Staves
 I - an uncursed staff of power
Jewellery
 g - an uncursed ring of wizardry
 k - a +4 ring of intelligence
 l - an uncursed ring of protection from fire
 p - an amulet of the acrobat (around neck)
 q - a ring of protection from magic (right hand)
 s - a +3 ring of intelligence
 w - an uncursed ring of magical power
 G - a +4 ring of dexterity (left hand)
Wands
 N - a wand of random effects (5)
 Q - a wand of iceblast (8)
 R - a wand of polymorph (8)
Scrolls
 d - 3 scrolls of remove curse
 o - 4 scrolls of amnesia
 x - a scroll of brand weapon
 O - a scroll of teleportation
 T - a scroll of fear
 U - a scroll of blinking
 V - 2 scrolls of identify
 W - a scroll of immolation
Potions
 e - a potion of magic
 j - 3 potions of curing
 v - a potion of lignification
 F - a potion of flight
 H - 2 potions of berserk rage
 K - a potion of ambrosia
Comestibles
 f - 7 rations


   Skills:
 + Level 8.2 Fighting
 - Level 10.0 Short Blades
 - Level 7.5 Maces & Flails
 + Level 10.1 Armour
 + Level 4.2 Dodging
 + Level 2.9 Stealth
 + Level 11.5 Shields
 + Level 0.5 Spellcasting
 + Level 0.6 Conjurations
 + Level 0.8 Fire Magic
 + Level 2.0 Evocations


You had 9 spell levels left.
You knew the following spells:

 Your Spells              Type           Power        Failure   Level  Hunger
a - Conjure Flame         Conj/Fire      #.......     100%        3    ####...

Your spell library contained the following spells:

 Spells                   Type           Power        Failure   Level  Hunger
 Magic Dart               Conj           #...         98%         1    ##.....
 Beastly Appendage        Tmut           #.....       99%         1    ##.....
 Confusing Touch          Hex            #.....       99%         1    ##.....
 Summon Butterflies       Summ           #.......     99%         1    ##.....
 Searing Ray              Conj           #.....       99%         2    ###....
 Poisonous Vapours        Pois/Air       #.....       100%        2    ###....
 Sticks to Snakes         Tmut           #.......     100%        2    ###....
 Call Canine Familiar     Summ           #.......     100%        3    ####...
 Confuse                  Hex            #.......     100%        3    ####...
 Dazzling Spray           Conj/Hex       #.....       100%        3    ####...
 Gell's Gravitas          Tloc           #.........   100%        3    ####...
 Mephitic Cloud           Conj/Pois/Air  #.......     100%        3    ####...
 Spider Form              Tmut/Pois      #.........   100%        3    ####...
 Force Lance              Conj/Tloc      #.......     100%        4    #####..
 Fulminant Prism          Conj/Hex       #.........   100%        4    #####..
 Ice Form                 Ice/Tmut       #.......     100%        4    #####..
 Iskenderun's Mystic Bla  Conj           #.......     100%        4    #####..
 Petrify                  Tmut/Erth      #.......     100%        4    #####..
 Summon Ice Beast         Ice/Summ       #.......     100%        4    #####..
 Blade Hands              Tmut           #.........   100%        5    ######.
 Metabolic Englaciation   Hex/Ice        #.........   100%        5    ######.
 Summon Mana Viper        Hex/Summ       #.......     100%        5    ######.
 Yara's Violent Unravell  Hex/Tmut       #.........   100%        5    ######.
 Freezing Cloud           Conj/Ice/Air   #.........   100%        6    #######
 Ring of Flames           Chrm/Fire      #.........   100%        7    #######
 Summon Hydra             Summ           #.........   100%        7    #######


Dungeon Overview and Level Annotations

Branches:
Dungeon (10/15)            Temple (1/1) D:7            Lair (0/6) D:9
    Orc (2/2) D:10            Elf (0/3) Orc:2

Altars:
Ashenzari
Cheibriados
Dithmenos
Elyvilon
Fedhas
Gozag
Hepliaklqana
Kikubaaqudgha
Makhleb
Nemelex Xobeh
Okawaru
Qazlal
Ru
Sif Muna
Trog
Uskayaw
Vehumet
Wu Jian
Xom
Yredelemnul
Zin
The Shining One

Shops:
D:5 (   D:6 (   D:9 =

Portals:
Abyss: D:1***

Annotations:
D:8 exclusions: oklob plant and oklob sapling


Innate Abilities, Weirdness & Mutations

You are resistant to torment.
Your stone body is resilient. (AC +8)
You are immune to poison.
You resist negative energy. (rN+)
You are resistant to electric shocks. (rElec)
You can survive without breathing.
You are immune to petrification.
You are immune to rotting.
You have a pair of small antennae on your head.
You are partially covered in slimy green scales. (AC +2)
Your magical capacity is low. (-10% MP)


Message History

You are too injured to fight recklessly!
You are too injured to fight recklessly!
You are too injured to fight recklessly!
You hit the ogre mage. You freeze the ogre mage.
The ogre mage is lightly wounded.
You hit the ogre mage. You freeze the ogre mage.
The ogre mage is lightly wounded.
You block the ogre's attack.
The ogre mage points at you and mumbles some strange words.
The crystal spear hits you.
* * * LOW HITPOINT WARNING * * *
You feel very buoyant.
You fly up into the air.
You block the ogre mage's attack.
You block the two-headed ogre's attack. x2
The ogre hits you with a +0 giant club.
* * * LOW HITPOINT WARNING * * *
The ogre mage casts a spell at you. The bolt of fire hits you!!!
The fire burns you terribly!
Ouch! That really hurt!
You die...

...........))#### #.#........#
..........)).)#.## #..........###
..........#).....###............#
.........##.......##............#
.........###..OO.).............##
........## ###O.O)....###.#.....#
.......... ##OO.<...# ####....#
.......... #O......## #......
.########. #..@....### ##..... ..
#.........####...... .
####................
#.#.......))......
######.....)....## #...........#
#..))......## ####...)...##
#...........#


You could see a two-headed ogre, 2 ogre magi and 4 ogres.

Vanquished Creatures
  An ogre mage (Orc:2)
  14 two-headed ogres
  An unseen horror (D:10)
  2 trolls
  2 hornets
  2 hippogriffs (D:7)
  A wyvern (D:9)
  A shadow (D:6)
  3 hogs (D:8)
  A vampire (D:7)
  A human (D:8)
  5 yaks
  2 hungry ghosts
  3 wargs
  2 water moccasins
  10 orc warriors
  A sky beast (D:10)
  4 ice beasts
  2 black bears
  An eye of draining (D:8)
  2 phantoms
  A necrophage (D:9)
  22 ogres
  3 centaurs
  4 bullfrogs
  2 scorpions
  4 killer bees (D:9)
  9 wights
  2 crimson imps
  2 bullfrog zombies
  A quasit (D:9)
  16 orc priests
  5 hounds
  2 gnoll shamans
  2 jellies
  2 bullfrog skeletons (D:8)
  2 centaur skeletons
  2 iguanas (D:6)
  10 orc wizards
  7 worker ants
  A hound skeleton (D:4)
  A howler monkey zombie (D:7)
  16 gnolls
  14 adders
  2 shadow imps
  An adder skeleton (D:6)
  An adder zombie (D:10)
  A dart slug (D:1)
  5 leopard geckos
  47 orcs
  8 ball pythons
  2 giant cockroaches
  4 goblins
  4 hobgoblins
  4 jackals
  4 quokkas
  5 bats
  2 frilled lizards (D:1)
  A jackal skeleton (D:8)
  7 kobolds
  A quokka skeleton (D:4)
  A quokka zombie (D:8)
  5 rats
  2 plants (D:3)
298 creatures vanquished.

Vanquished Creatures (collateral kills)
  An ogre (Orc:2)
  An orc priest (D:7)
  2 orcs (D:7)
  4 jackals (D:7)
8 creatures vanquished.

Vanquished Creatures (others)
  A two-headed ogre (Orc:2)
  A wyvern (D:8)
  A fire vortex (D:8)
  4 plants (D:8)
7 creatures vanquished.

Grand Total: 313 creatures vanquished

Notes
Turn   | Place    | Note
-------+----------+-------------------------------------------
     0 | D:1      | nyanpiggle the Gargoyle Fighter began the quest for the
                  | Orb.
     0 | D:1      | Reached XP level 1. HP: 14/14 MP: 1/1
    69 | D:1      | Reached XP level 2. HP: 14/19 MP: 2/2
   446 | D:2      | Found a sparkling altar of Nemelex Xobeh.
   493 | D:2      | Reached XP level 3. HP: 23/23 MP: 3/3
   503 | D:2      | Gained mutation: Your magical capacity is low. (-10% MP)
                  | [potion of mutation]
   503 | D:2      | Gained mutation: You have a pair of small antennae on your
                  | head. [potion of mutation]
   503 | D:2      | Gained mutation: You are partially covered in slimy green
                  | scales. (AC +2) [potion of mutation]
   581 | D:2      | Found a deep blue altar of Sif Muna.
   964 | D:3      | Found a glowing silver altar of Zin.
  1203 | D:3      | Reached XP level 4. HP: 24/28 MP: 3/3
  1365 | D:3      | Found a shadowy altar of Dithmenos.
  1376 | D:3      | Noticed a phantom
  1397 | D:3      | Killed a phantom
  1397 | D:3      | Reached skill level 1 in Dodging
  1397 | D:3      | Reached skill level 4 in Shields
  1397 | D:3      | Reached XP level 5. HP: 30/33 MP: 4/4
  2003 | D:4      | Found a basalt altar of Yredelemnul.
  2148 | D:4      | Found a sacrificial altar of Ru.
  2335 | D:4      | Noticed an ogre
  2349 | D:4      | Killed an ogre
  2349 | D:4      | Reached XP level 6. HP: 13/38 MP: 5/5
  2911 | D:5      | Entered Level 5 of the Dungeon
  3396 | D:5      | Found Lint's Weapon Emporium.
  3749 | D:5      | Reached skill level 5 in Maces & Flails
  3749 | D:5      | Reached XP level 7. HP: 42/42 MP: 6/6
  3969 | D:5      | Reached skill level 1 in Stealth
  4459 | D:6      | Reached skill level 5 in Shields
  4480 | D:6      | Reached skill level 5 in Armour
  4491 | D:6      | Reached XP level 8. HP: 34/48 MP: 4/7
  4497 | D:6      | Found Jowkyo's Weapon Boutique.
  4671 | D:6      | Found a large runed translucent door.
  4671 | D:6      | Found a large runed translucent door.
  4674 | D:6      | Found a large runed translucent door.
  4674 | D:6      | Found a large runed translucent door.
  4675 | D:6      | Noticed a yak
  4852 | D:6      | Found an ornate altar of the Wu Jian Council.
  4852 | D:6      | Found a snail-covered altar of Cheibriados.
  4876 | D:6      | Killed a yak
  5572 | D:6      | Reached skill level 5 in Fighting
  5585 | D:6      | Got a faintly glowing dagger
  5620 | D:6      | Found an ancient bone altar of Kikubaaqudgha.
  5620 | D:6      | Found a shimmering altar of Xom.
  5620 | D:6      | Found a glowing golden altar of the Shining One.
  5771 | D:6      | Found a blossoming altar of Fedhas.
  5871 | D:6      | Reached skill level 6 in Shields
  5871 | D:6      | Reached XP level 9. HP: 54/54 MP: 8/8
  5903 | D:6      | Identified the +7 dagger "Isukleo" {freeze, rF- MR+ Int+5}
                  | (You found it on level 6 of the Dungeon)
  6309 | D:7      | Noticed a troll
  6324 | D:7      | Reached skill level 1 in Short Blades
  6368 | D:7      | Killed a troll
  6826 | D:7      | Noticed a hornet
  6838 | D:7      | Killed a hornet
  6838 | D:7      | Reached skill level 7 in Shields
  7358 | D:7      | Reached skill level 1 in Evocations
  7358 | D:7      | Reached XP level 10. HP: 50/60 MP: 9/9
  7535 | D:7      | Got a spiked ring mail
  7624 | D:7      | Found a radiant altar of Vehumet.
  7676 | D:7      | Found a staircase to the Ecumenical Temple.
  7685 | Temple   | Entered the Ecumenical Temple
  7894 | Temple   | Became a worshipper of Makhleb the Destroyer
  8033 | D:7      | Got a smoking hat
  8044 | D:7      | Identified the -3 hat of Mytop {rCorr Dex-3 SInv} (You
                  | found it on level 7 of the Dungeon)
  8770 | D:8      | Noticed a two-headed ogre
  8843 | D:8      | Killed a two-headed ogre
  8886 | D:8      | Reached skill level 5 in Short Blades
  9509 | D:8      | Reached * piety under Makhleb
 11458 | D:8      | Reached skill level 8 in Shields
 11826 | D:8      | Learned a level 3 spell: Conjure Flame
 12273 | D:8      | Found a blossoming altar of Fedhas.
 12278 | D:8      | Noticed an oklob plant
 12978 | D:9      | Reached XP level 11. HP: 30/66 MP: 10/10
 13155 | D:9      | Found a staircase to the Lair.
 13210 | D:9      | Found Juem's Jewellery Boutique.
 13929 | D:9      | Reached ** piety under Makhleb
 14353 | D:10     | Entered Level 10 of the Dungeon
 14382 | D:10     | Noticed an unseen horror
 14391 | D:10     | Killed an unseen horror
 14391 | D:10     | Noticed a two-headed ogre
 14407 | D:10     | Killed a two-headed ogre
 14407 | D:10     | Reached skill level 9 in Shields
 15691 | D:10     | Found a staircase to the Orcish Mines.
 16478 | Orc:1    | Entered Level 1 of the Orcish Mines
 16649 | Orc:2    | Entered Level 2 of the Orcish Mines
 16783 | Orc:2    | Found a staircase to the Elven Halls.
 16846 | Orc:2    | Reached *** piety under Makhleb
 16983 | Orc:2    | Noticed a two-headed ogre
 16983 | Orc:2    | Noticed a two-headed ogre
 16983 | Orc:2    | Noticed a two-headed ogre
 16983 | Orc:2    | Noticed a two-headed ogre
 16986 | Orc:2    | Noticed a two-headed ogre
 16986 | Orc:2    | Noticed a two-headed ogre
 16986 | Orc:2    | Noticed an ogre mage
 16987 | Orc:2    | Noticed a two-headed ogre
 16987 | Orc:2    | Noticed a two-headed ogre
 16988 | Orc:2    | Noticed an ogre mage
 16988 | Orc:2    | Noticed a two-headed ogre
 16991 | Orc:2    | Killed a two-headed ogre
 16999 | Orc:2    | Killed a two-headed ogre
 17002 | Orc:2    | Killed a two-headed ogre
 17002 | Orc:2    | Reached XP level 12. HP: 72/72 MP: 11/11
 17005 | Orc:2    | Killed a two-headed ogre
 17005 | Orc:2    | Reached skill level 10 in Shields
 17013 | Orc:2    | Killed a two-headed ogre
 17018 | Orc:2    | Killed a two-headed ogre
 17023 | Orc:2    | Noticed a two-headed ogre
 17030 | Orc:2    | Killed a two-headed ogre
 17226 | Orc:2    | Noticed a two-headed ogre
 17241 | Orc:2    | Killed a two-headed ogre
 17395 | Orc:1    | Noticed a stone giant
 17526 | Orc:2    | Noticed a two-headed ogre
 17532 | Orc:2    | Killed a two-headed ogre
 17558 | Orc:2    | Noticed a two-headed ogre
 17571 | Orc:2    | Killed a two-headed ogre
 17571 | Orc:2    | Reached skill level 10 in Short Blades
 17601 | Orc:2    | Killed a two-headed ogre
 17601 | Orc:2    | Reached skill level 11 in Shields
 17621 | Orc:2    | Noticed an ogre mage
 17642 | Orc:2    | Killed an ogre mage
 17642 | Orc:2    | Reached skill level 10 in Armour
 17645 | Orc:2    | Noticed a two-headed ogre
 17657 | Orc:2    | Noticed a two-headed ogre
 17672 | Orc:2    | Killed a two-headed ogre
 17696 | Orc:2    | Killed from afar by an ogre mage

Skill      XL: |  1  2  3  4  5  6  7  8  9 10 11 12 |
---------------+-------------------------------------+-----
Maces & Flails | 3 4 5 6 7 |  7.5
Dodging        | 1 2 3 4 |  4.2
Shields        | 4 5 6 7 8 9 11 | 11.5
Armour         | 4 5 6 7 8 9 10 | 10.1
Fighting       | 4 5 6 7 8 |  8.2
Stealth        | 1 2 |  2.9
Short Blades   | 3 6 9 10 | 10.0
Evocations     | 1 2 |  2.0
Spellcasting   | |  0.5
Conjurations   | |  0.6
Fire Magic     | |  0.8

Action                   |  1- 3 |  4- 6 |  7- 9 | 10-12 || total
-------------------------+-------+-------+-------+-------++-------
Melee: Flail             |   150 |   116 |   117 |       ||   383
       Mace              |       |       |   141 |       ||   141
       Dagger            |       |       |   107 |   882 ||   989
 Cast: Conjure Flame     |       |       |       |     2 ||     2
Evoke: Wand              |       |       |    10 |    15 ||    25
  Use: Scroll            |     5 |     6 |     7 |    15 ||    33
       Potion            |     4 |     7 |       |     7 ||    18
  Eat: Chunk             |     1 |     1 |     2 |       ||     4
       Ration            |       |     2 |     7 |    10 ||    19
Armor: Scale mail        |   120 |    25 |   173 |       ||   318
       Plate armour      |       |       |    25 |   390 ||   415
       Skin              |       |       |       |     1 ||     1
Dodge: Dodged            |    67 |    19 |   154 |   250 ||   490
Block: Shield            |   107 |    26 |   184 |   460 ||   777
